Map: New Richmond

Players

Miloux - Winner!

  • Race: Zerg Zerg
  • League: Platinum
  • Spawn Location: 6:00

JOwar - Winner!

  • Race: Zerg Zerg
  • Spawn Location: 7:00

DeBaZe - Winner!

  • Race: Protoss Protoss
  • Spawn Location: 5:00

Loken

  • Race: Protoss Protoss
  • League: Platinum
  • Spawn Location: 11:00

dallaskuken

  • Race: Protoss Protoss
  • League: Platinum
  • Spawn Location: 12:00

Myran

  • Race: Protoss Protoss
  • Spawn Location: 3:00

VOD

Have the link to the VOD?

Description

Time

  • Played on: April 2, 2017, 6:14 p.m.
  • Length: 20:18
Show
View Real Time Build Order
Export as new Build Order

Miloux Zerg - Winner!

Build Orders: Pool First 

Get SALT Encoding   

  12  0:03  Drone  
  13  0:13  Overlord  
  13  0:18  Drone  
  14  0:32  Drone x2  
  16  0:36  Drone  
  17  1:02  Spawning Pool  
  17  1:03  Drone  
  17  1:15  Drone x2  
  19  1:25  Drone  
  20  1:44  Extractor  
  19  1:52  Spine Crawler  
  18  1:57  Spine Crawler  
  16  2:07  Drone  
  17  2:12  Queen  
  19  2:16  Hatchery  
  18  2:25  Roach Warren  
  18  2:27  Drone x2  
  19  2:31  Drone  
  19  2:35  Extractor  
  19  3:29  Spine Crawler  
  19  3:30  Spine Crawler  
  19  3:31  Queen  
  19  3:32  Spine Crawler  
  18  3:42  Spine Crawler  
  18  3:44  Spine Crawler  
  16  3:49  Spine Crawler  
  13  4:08  Queen  
  15  4:44  Queen  
  17  5:29  Queen  
  17  5:31  Drone, Overlord x2  
  20  5:47  Drone  
  21  5:57  Spine Crawler  
  21  6:03  Spine Crawler  
  19  6:05  Roach x2  
  23  6:35  Ravager x2  
  25  6:47  Roach x3  
  25  6:48  Roach x3  
  37  7:20  Spore Crawler  
  37  7:22  Queen  
  36  7:27  Hatchery  
  37  7:35  Spore Crawler  
  36  7:46  Drone  
  36  7:51  Drone  
  38  8:38  Overlord  
  38  8:39  Overlord x2  
  38  8:47  Drone  
  39  8:56  Ravager  
  39  8:57  Ravager x2  
  39  9:02  Drone  
  43  9:14  Ravager x3  
  46  9:18  Drone  
  46  9:24  Zergling x2  
  48  9:32  Drone  
  49  9:53  Lair  
  49  9:56  Drone  
  49  9:57  Drone  
  51  10:00  Drone  
  51  10:05  Drone  
  53  10:08  Drone  
  53  10:11  Drone  
  55  10:15  Drone  
  55  10:20  Drone  
  57  10:36  Drone  
  57  10:42  Drone  
  59  10:45  Overlord x2  
  59  10:46  Overlord  
  59  11:14  Roach x5  
  59  11:15  Roach  
  71  11:18  Drone  
  71  11:23  Drone x2  
  74  11:53  Overlord  
  74  11:54  Overlord  
  74  11:57  Roach x4  
  74  11:58  Roach  
  84  12:12  Drone x2  
  84  12:14  Drone x2  
  88  12:19  Roach x2  
  92  12:43  Drone  
  93  12:53  Drone  
  93  12:54  Roach x3  
  93  12:55  Overlord x3  
  100  13:01  Hatchery  
  99  13:15  Roach  
  99  13:16  Roach x4  
  99  13:17  Roach  
  68  13:50  Roach x3, Zergling x2  
  68  13:51  Roach x4  
  72  14:05  Drone x3  
  72  14:07  Drone  
  76  14:11  Extractor  
  76  14:15  Glial Reconstitution  
  75  14:17  Drone  
  75  14:20  Drone x2  
  75  14:22  Evolution Chamber  
  75  14:24  Evolution Chamber  
  76  14:35  Hydralisk Den  
  76  14:37  Drone x3, Extractor  
  76  14:38  Drone x3  
  80  14:58  Roach x3  
  80  14:59  Roach  
  88  15:10  Zerg Missile Weapons Level 1  
  88  15:12  Zerg Ground Armor Level 1  
  88  15:15  Drone, Hydralisk x2  
  93  15:21  Drone  
  93  15:22  Drone  
  93  15:24  Drone  
  96  15:36  Drone  
  96  15:37  Drone x2  
  96  15:40  Extractor  
  96  15:41  Drone x3  
  96  15:42  Extractor, Overlord x2  
  100  15:51  Queen x2  
  100  16:11  Hydralisk x6  
  109  16:19  Hydralisk x2  
  109  16:24  Hydralisk  
  110  16:32  Ravager x3  
  112  16:33  Hydralisk  
  112  16:34  Hydralisk  
  112  16:41  Hydralisk  
  92  17:17  Drone x2, Hydralisk x2  
  92  17:18  Hydralisk x2  
  98  17:37  Hydralisk x2  
  98  17:41  Hydralisk  
  98  17:42  Hydralisk  
  98  17:43  Zerg Missile Weapons Level 2  
  106  17:54  Hatchery  
  105  17:58  Hydralisk  
  105  17:59  Hydralisk  
  109  18:12  Hydralisk x4  
  117  18:22  Ravager x4  
  117  18:23  Ravager  
  122  18:37  Hydralisk  
  122  18:38  Hydralisk x2  
  118  19:20  Hydralisk  
  118  19:21  Hydralisk x2  
  118  19:22  Roach x2  
  118  19:23  Roach x2  
Show
View Real Time Build Order
Export as new Build Order

JOwar Zerg - Winner!

Build Orders: Pool First 

Get SALT Encoding   

  12  0:18  Drone x2  
  14  0:34  Overlord x2  
  14  1:04  Drone x2  
  14  1:05  Drone  
  14  1:09  Spawning Pool  
  16  1:29  Drone x2  
  18  1:41  Hatchery  
  17  2:01  Drone  
  17  2:02  Drone x2  
  17  2:05  Extractor  
  17  2:07  Queen  
  17  2:08  Extractor  
  20  2:46  Drone x2  
  20  2:47  Drone  
  23  3:29  Zergling x2  
  23  3:30  Zergling x14  
  23  3:31  Metabolic Boost  
  31  3:35  Queen  
  33  3:51  Hatchery  
  32  4:26  Overlord  
  32  4:27  Overlord x3  
  32  4:53  Zergling x2  
  32  4:54  Zergling x10  
  38  5:04  Zergling x2  
  38  5:05  Zergling x12  
  43  5:13  Queen  
  45  5:27  Zergling x12  
  51  5:37  Zergling x6  
  53  6:02  Zergling x2  
  53  6:03  Zergling x14  
  61  6:21  Zergling x2  
  61  6:22  Zergling x8  
  65  6:30  Zergling x8  
  65  6:31  Queen  
  60  6:44  Zergling x10  
  31  7:07  Zergling x2  
  31  7:08  Zergling x6  
Show
View Real Time Build Order
Export as new Build Order

DeBaZe Protoss - Winner!

Build Orders:  

Get SALT Encoding   

  12  0:01  Probe (Chrono Boost)  
  13  0:11  Probe (Chrono Boost)  
  14  0:22  Probe (Chrono Boost)  
  15  0:28  Pylon  
  15  0:43  Assimilator  
  15  0:47  Assimilator, Probe (Chrono Boost)  
  16  0:57  Probe (Chrono Boost)  
  17  1:06  Gateway, Forge  
  17  1:08  Probe (Chrono Boost)  
  19  1:18  Probe (Chrono Boost)  
  19  1:34  Probe (Chrono Boost)  
  20  1:42  Pylon  
  20  1:47  Pylon  
  20  1:48  Probe (Chrono Boost)  
  21  1:55  Cybernetics Core  
  21  1:59  Probe (Chrono Boost)  
  22  2:10  Photon Cannon  
  22  2:27  Probe (Chrono Boost)  
  23  2:34  Warp Gate  
  23  2:38  Mothership Core (Chrono Boost)  
  25  2:50  Robotics Facility  
  25  2:56  Probe (Chrono Boost)  
  26  3:12  Photon Cannon  
  26  3:15  Probe (Chrono Boost)  
  27  3:26  Probe (Chrono Boost)  
  28  3:31  Pylon  
  28  3:36  Stargate, Probe (Chrono Boost)  
  29  3:47  Immortal  
  29  3:50  Probe (Chrono Boost)  
  34  4:01  Pylon  
  34  4:05  Photon Cannon  
  34  4:07  Probe (Chrono Boost)  
  35  4:19  Probe (Chrono Boost)  
  35  4:21  Immortal  
  36  4:26  Void Ray  
  45  4:31  Probe (Chrono Boost)  
  45  4:58  Nexus  
  45  5:02  Assimilator  
  45  5:07  Assimilator  
  45  5:59  Pylon  
  45  6:01  Probe (Chrono Boost)  
  45  6:04  Pylon  
  46  6:05  Immortal  
  46  6:10  Void Ray  
  54  6:12  Pylon, Probe (Chrono Boost)  
  54  6:13  Probe (Chrono Boost)  
  54  6:15  Pylon  
  56  6:22  Probe (Chrono Boost)  
  58  6:25  Probe (Chrono Boost)  
  58  6:33  Probe (Chrono Boost)  
  59  6:53  Probe x2 (Chrono Boost)  
  61  6:56  Void Ray  
  65  7:04  Probe (Chrono Boost)  
  65  7:05  Probe (Chrono Boost)  
  67  7:10  Immortal  
  67  7:13  Protoss Shields Level 1  
  67  7:15  Probe (Chrono Boost)  
  72  7:23  Photon Cannon  
  72  7:25  Probe (Chrono Boost)  
  72  7:26  Pylon  
  73  7:32  Stalker  
  73  7:36  Photon Cannon, Probe (Chrono Boost)  
  76  7:39  Void Ray  
  81  7:44  Photon Cannon  
  81  7:45  Probe (Chrono Boost)  
  81  7:46  Probe (Chrono Boost)  
  82  7:57  Probe (Chrono Boost)  
  83  8:05  Gateway  
  83  8:06  Gateway  
  83  8:08  Gateway  
  83  8:12  Photon Cannon  
  51  8:37  Immortal  
  51  8:39  Void Ray  
  55  8:47  Zealot  
  61  9:11  Immortal  
  61  9:16  Void Ray  
  67  9:17  Mothership Core (Chrono Boost)  
  67  9:18  Stalker x4  
  79  9:33  Twilight Council  
  79  9:36  Protoss Air Weapons Level 1  
  79  9:37  Protoss Ground Weapons Level 1  
  79  9:43  Zealot x4  
  87  9:45  Immortal  
  91  10:03  Void Ray  
  95  10:19  Charge  
  95  10:20  Immortal  
  99  10:47  Zealot  
  89  11:08  Immortal  
  89  11:09  Void Ray  
  97  11:21  Nexus  
  97  11:23  Assimilator  
  97  11:26  Assimilator  
  97  11:30  Pylon  
  97  11:42  Immortal  
  97  11:46  Void Ray  
  97  11:52  Zealot x2  
  109  12:55  Void Ray  
  109  12:57  Immortal  
  109  12:58  Zealot x3  
  109  12:59  Zealot  
  125  13:05  Protoss Air Armor Level 1  
  125  13:32  Void Ray  
  89  14:10  Void Ray  
  89  14:16  Stargate  
  93  14:18  Stargate  
  93  14:37  Photon Cannon  
  93  14:38  Photon Cannon  
  93  14:39  Photon Cannon  
  93  14:40  Photon Cannon  
  93  14:42  Zealot x4  
  101  14:47  Void Ray  
  105  15:01  Pylon  
  105  15:08  Nexus  
  105  15:18  Void Ray x2  
  113  15:24  Void Ray  
  113  15:33  Fleet Beacon  
  117  15:37  Photon Cannon  
  117  15:42  Photon Cannon  
  117  15:47  Pylon  
  117  15:49  Pylon  
  117  15:52  Pylon  
  117  15:54  Assimilator  
  117  15:56  Assimilator  
  99  16:01  Void Ray  
  99  16:02  Void Ray  
  87  16:07  Void Ray  
  95  16:13  Stalker  
  95  16:15  Stalker  
  99  16:25  Stalker x2  
  103  16:36  Stalker  
  103  16:38  Stalker  
  107  16:44  Void Ray  
  87  17:09  Void Ray  
  87  17:11  Stalker x3  
  87  17:15  Void Ray  
  93  17:37  Stalker  
  93  17:38  Stalker x3  
  101  17:46  Carrier  
  101  17:47  Tempest  
  113  18:02  Stalker x4  
  105  18:44  Stalker x2  
  105  18:45  Stalker x2  
  105  18:47  Graviton Catapult  
  113  18:54  Tempest  
  115  19:31  Tempest  
  127  19:49  Stalker x3  
  127  19:50  Stalker  
Show
View Real Time Build Order
Export as new Build Order

Loken Protoss 

Build Orders: Cannon Rush 

Get SALT Encoding   

  12  0:01  Probe (Chrono Boost)  
  13  0:12  Probe (Chrono Boost)  
  14  0:21  Pylon  
  14  0:31  Probe (Chrono Boost)  
  15  0:40  Forge  
  15  0:42  Probe (Chrono Boost)  
  16  0:55  Pylon  
  16  1:08  Pylon  
  16  1:18  Photon Cannon  
  16  1:21  Photon Cannon  
  16  1:22  Probe (Chrono Boost)  
  17  1:54  Photon Cannon  
  17  1:56  Photon Cannon  
  17  2:13  Probe (Chrono Boost)  
  18  2:20  Photon Cannon  
  18  2:23  Pylon, Probe (Chrono Boost)  
  18  2:28  Gateway  
  19  2:34  Probe (Chrono Boost)  
  19  2:36  Assimilator  
  20  2:40  Assimilator  
  20  2:44  Probe (Chrono Boost)  
  20  2:50  Pylon  
  20  3:04  Probe (Chrono Boost)  
  21  3:14  Probe (Chrono Boost)  
  22  3:25  Cybernetics Core, Probe (Chrono Boost)  
  23  3:29  Pylon  
  23  3:35  Probe (Chrono Boost)  
  24  3:46  Probe (Chrono Boost)  
  25  3:52  Pylon  
  25  3:59  Pylon  
  25  4:06  Stargate  
  25  4:11  Warp Gate  
  25  4:13  Probe (Chrono Boost)  
  26  4:17  Nexus  
  26  4:21  Pylon  
  26  4:23  Probe (Chrono Boost)  
  27  4:34  Probe (Chrono Boost)  
  28  4:45  Probe (Chrono Boost)  
  29  4:47  Pylon  
  29  4:55  Probe (Chrono Boost)  
  29  4:58  Oracle  
  33  5:12  Assimilator  
  33  5:17  Assimilator  
  33  5:28  Probe (Chrono Boost)  
  34  5:33  Nexus  
  34  5:34  Oracle  
  37  5:37  Assimilator  
  37  5:38  Probe x2 (Chrono Boost)  
  37  5:41  Assimilator  
  39  5:49  Probe (Chrono Boost)  
  40  5:59  Probe (Chrono Boost)  
  40  6:00  Probe (Chrono Boost)  
  42  6:06  Pylon  
  42  6:10  Probe x2 (Chrono Boost)  
  44  6:16  Oracle  
  47  6:20  Probe (Chrono Boost)  
  47  6:21  Probe (Chrono Boost)  
  47  6:22  Protoss Air Weapons Level 1  
  49  6:31  Probe x2 (Chrono Boost)  
  51  6:38  Pylon  
  51  6:43  Pylon  
  51  6:52  Oracle  
  54  7:33  Gateway  
  54  7:34  Gateway  
  54  7:37  Gateway  
  54  7:38  Gateway  
  54  7:41  Gateway  
  54  7:42  Gateway  
  54  7:43  Photon Cannon  
  54  7:44  Photon Cannon  
  54  7:46  Photon Cannon  
  54  7:47  Photon Cannon  
  54  7:50  Probe (Chrono Boost)  
  55  7:53  Probe (Chrono Boost)  
  55  7:54  Probe (Chrono Boost)  
  57  8:00  Probe (Chrono Boost)  
  57  8:03  Probe (Chrono Boost)  
  57  8:05  Probe (Chrono Boost)  
  60  8:06  Stargate  
  60  8:11  Probe (Chrono Boost)  
  61  8:14  Probe (Chrono Boost)  
  62  8:20  Protoss Ground Weapons Level 1  
  62  8:21  Protoss Air Armor Level 1, Probe (Chrono Boost)  
  62  8:24  Probe (Chrono Boost)  
  64  8:32  Probe (Chrono Boost)  
  65  8:35  Probe (Chrono Boost)  
  61  8:50  Zealot  
  48  8:56  Zealot  
  48  8:58  Zealot x3  
  48  9:02  Zealot x2  
  43  9:18  Zealot x2  
  43  9:19  Zealot x3  
  43  9:24  Twilight Council  
  44  9:35  Probe (Chrono Boost)  
  44  9:37  Probe (Chrono Boost)  
  45  9:39  Probe (Chrono Boost)  
  46  9:46  Probe (Chrono Boost)  
  46  9:47  Probe (Chrono Boost)  
  46  9:49  Probe (Chrono Boost)  
  49  9:56  Probe (Chrono Boost)  
  49  9:58  Probe (Chrono Boost)  
  52  10:07  Probe (Chrono Boost)  
  52  10:08  Probe (Chrono Boost)  
  53  10:17  Probe (Chrono Boost)  
  53  10:21  Probe x2 (Chrono Boost)  
  56  10:28  Probe (Chrono Boost)  
  57  10:31  Probe x2 (Chrono Boost)  
  59  10:39  Probe (Chrono Boost)  
  59  10:42  Probe x2 (Chrono Boost)  
  62  10:48  Charge  
  62  10:49  Probe (Chrono Boost)  
  63  10:52  Probe x2 (Chrono Boost)  
  65  10:58  Stargate  
  65  11:00  Probe (Chrono Boost)  
  56  11:12  Adept x3  
  56  11:13  Adept x4  
  56  11:17  Probe (Chrono Boost)  
  72  11:18  Probe (Chrono Boost)  
  72  11:27  Probe (Chrono Boost)  
  72  11:29  Probe (Chrono Boost)  
  74  11:38  Probe (Chrono Boost)  
  74  11:39  Probe (Chrono Boost)  
  76  11:48  Probe (Chrono Boost)  
  76  11:50  Stalker x3, Probe (Chrono Boost)  
  76  11:51  Stalker x4  
  92  11:59  Probe (Chrono Boost)  
  92  12:00  Probe (Chrono Boost)  
  88  12:23  Stalker x4  
  88  12:24  Stalker x3  
  94  12:30  Protoss Ground Weapons Level 2  
  94  12:35  Void Ray  
  94  12:36  Void Ray  
  102  12:42  Void Ray  
  106  12:55  Fleet Beacon  
  97  13:35  Stalker x4  
  97  13:36  Stalker x3  
  62  14:05  Void Ray x3  
  74  14:12  Graviton Catapult  
  74  14:14  Zealot x4  
  74  14:15  Zealot x3  
  88  14:42  Void Ray x2  
  88  14:43  Void Ray  
  88  14:48  Zealot x2  
  88  14:49  Zealot x3  
  88  14:51  Zealot  
  112  15:25  Pylon  
  112  15:27  Pylon  
  112  15:28  Pylon  
  112  15:29  Pylon  
  112  15:30  Pylon  
  112  15:32  Pylon  
  112  15:43  Nexus  
  92  16:00  Void Ray x3  
  98  16:37  Void Ray x2  
  98  16:38  Void Ray  
  78  17:35  Zealot  
  78  17:36  Zealot x5  
  78  17:37  Zealot  
  80  17:43  Pylon  
  80  17:55  Tempest x2  
  80  17:58  Stalker x4, Tempest  
  82  17:59  Stalker x3  
  112  18:23  Zealot x3  
  112  18:24  Zealot x3  
  112  18:25  Zealot  
  102  18:38  Carrier  
  77  19:43  Zealot x3  
  77  19:44  Zealot x4  
Show
View Real Time Build Order
Export as new Build Order

dallaskuken Protoss 

Build Orders: Nexus First 

Get SALT Encoding   

  12  0:40  Probe (Chrono Boost)  
  13  0:50  Probe (Chrono Boost)  
  14  1:01  Probe (Chrono Boost)  
  14  1:02  Nexus  
  15  1:13  Pylon  
  15  1:31  Probe (Chrono Boost)  
  15  1:32  Gateway  
  16  1:35  Assimilator  
  16  1:42  Probe (Chrono Boost)  
  17  1:52  Probe (Chrono Boost)  
  18  2:03  Probe (Chrono Boost)  
  18  2:06  Forge  
  19  2:13  Pylon, Probe (Chrono Boost)  
  21  2:15  Probe (Chrono Boost)  
  21  2:26  Zealot, Probe (Chrono Boost)  
  24  2:36  Assimilator, Probe (Chrono Boost)  
  24  2:37  Probe (Chrono Boost)  
  26  2:46  Probe (Chrono Boost)  
  26  2:47  Probe (Chrono Boost)  
  26  2:50  Pylon  
  28  2:57  Probe (Chrono Boost)  
  28  2:58  Probe (Chrono Boost)  
  30  3:04  Cybernetics Core  
  30  3:07  Pylon, Probe (Chrono Boost)  
  30  3:08  Probe (Chrono Boost)  
  32  3:14  Photon Cannon  
  32  3:16  Zealot  
  32  3:18  Probe (Chrono Boost)  
  35  3:28  Probe (Chrono Boost)  
  35  3:29  Probe (Chrono Boost)  
  37  3:38  Warp Gate  
  37  3:39  Probe x2 (Chrono Boost)  
  39  3:42  Gateway  
  39  3:43  Gateway  
  39  3:50  Probe (Chrono Boost)  
  40  4:00  Probe (Chrono Boost)  
  41  4:06  Photon Cannon  
  41  4:08  Assimilator  
  41  4:09  Photon Cannon  
  41  4:10  Assimilator  
  41  4:11  Mothership Core (Chrono Boost)  
  43  4:18  Protoss Ground Weapons Level 1  
  43  4:26  Twilight Council  
  43  4:29  Probe (Chrono Boost)  
  44  4:39  Gateway  
  44  4:40  Probe (Chrono Boost)  
  44  4:41  Gateway  
  44  4:44  Gateway  
  45  4:58  Probe (Chrono Boost)  
  46  5:09  Probe (Chrono Boost)  
  46  5:11  Pylon  
  46  5:12  Pylon  
  46  5:13  Pylon  
  47  5:33  Robotics Facility  
  47  5:45  Stalker  
  47  5:46  Stalker x3  
  47  5:47  Stalker x2  
  59  6:05  Pylon x2  
  59  6:12  Stalker x3  
  59  6:13  Stalker x3  
  55  6:42  Zealot x3  
  55  6:43  Zealot x3  
  55  6:46  Charge  
  59  7:13  Pylon  
  59  7:14  Immortal  
  63  7:20  Stalker x6  
  75  8:02  Stalker x2  
  75  8:03  Stalker x4  
  75  8:37  Stalker  
  75  8:38  Stalker x3  
  75  8:39  Stalker x2  
  87  8:55  Protoss Ground Weapons Level 2  
  87  8:58  Blink  
  87  9:21  Stalker x3  
  87  9:22  Stalker x3  
  99  9:50  Pylon  
  99  9:58  Stalker x3  
  99  9:59  Stalker x2  
  109  10:02  Nexus  
  109  10:03  Pylon  
  109  10:12  Pylon  
  109  10:14  Pylon  
  109  10:46  Stalker x4  
  109  10:47  Stalker x2  
  107  11:14  Stalker x2  
  107  11:15  Stalker x4  
  119  11:36  Probe (Chrono Boost)  
  120  11:40  Pylon  
  120  11:41  Pylon  
  121  11:47  Probe (Chrono Boost)  
  121  11:57  Probe (Chrono Boost)  
  121  11:59  Stalker  
  121  12:00  Stalker x5  
  134  12:08  Probe (Chrono Boost)  
  135  12:18  Probe (Chrono Boost)  
  43  13:58  Stalker x2  
  43  13:59  Stalker x4  
  43  14:10  Nexus  
  38  14:40  Nexus  
  32  16:12  Assimilator  
  32  16:13  Assimilator  
  32  16:25  Nexus  
  32  16:44  Probe (Chrono Boost)  
  33  16:54  Probe (Chrono Boost)  
  34  17:39  Stalker x4  
  34  17:40  Stalker x2  
  46  17:54  Observer  
  46  17:57  Probe (Chrono Boost)  
  48  18:06  Stalker x5  
  48  18:07  Probe (Chrono Boost)  
  59  18:18  Probe (Chrono Boost)  
  60  18:23  Stalker  
  62  18:32  Probe (Chrono Boost)  
  63  18:36  Stalker x2  
  63  18:37  Stalker x2  
  71  18:43  Probe (Chrono Boost)  
Show
View Real Time Build Order
Export as new Build Order

Myran Protoss 

Build Orders:  

Get SALT Encoding   

  12  0:01  Probe (Chrono Boost)  
  13  0:27  Pylon  
  13  0:29  Probe (Chrono Boost)  
  14  0:42  Probe (Chrono Boost)  
  15  0:52  Pylon  
  15  1:07  Pylon  
  15  1:10  Forge  
  15  1:30  Probe (Chrono Boost)  
  16  1:40  Probe (Chrono Boost)  
  16  1:43  Pylon  
  17  2:03  Photon Cannon  
  17  2:06  Pylon  
  17  2:08  Probe (Chrono Boost)  
  18  2:12  Gateway  
  18  2:17  Pylon  
  18  2:18  Photon Cannon, Probe (Chrono Boost)  
  18  2:22  Pylon  
  19  2:29  Photon Cannon, Probe (Chrono Boost)  
  20  2:37  Photon Cannon  
  20  2:39  Probe (Chrono Boost)  
  21  3:05  Photon Cannon  
  21  3:11  Pylon  
  21  3:38  Photon Cannon  
  21  3:53  Probe (Chrono Boost)  
  22  4:04  Probe (Chrono Boost)  
  22  4:05  Nexus  
  23  4:27  Photon Cannon  
  23  4:31  Photon Cannon  
  23  4:34  Pylon  
  23  4:42  Photon Cannon  
  24  4:45  Probe (Chrono Boost)  
  24  4:50  Assimilator  
  24  4:51  Assimilator  
  24  4:55  Cybernetics Core  
  24  4:56  Probe (Chrono Boost)  
  24  4:57  Pylon  
  25  5:00  Pylon  
  25  5:01  Gateway  
  25  5:02  Zealot  
  27  5:09  Photon Cannon  
  27  5:19  Photon Cannon  
  27  5:20  Pylon  
  26  5:27  Photon Cannon  
  18  5:29  Photon Cannon  
  1  10:47  Nexus  
  1  12:00  Probe (Chrono Boost)  
  2  12:25  Probe (Chrono Boost)  
  3  12:42  Probe (Chrono Boost)  
  4  12:57  Probe (Chrono Boost)  
  5  13:07  Probe (Chrono Boost)  
  6  13:22  Probe (Chrono Boost)  
  3  13:46  Probe (Chrono Boost)  
Tags
 
Add a new tag
Caveats
  • Supply blocks, unpowered buildings, or Contaminate may cause inaccurate times.
  • Supply counts are checked every 10 seconds.